 Dungeon Sprint DCSS version 0.29.1-14-g9c671dbff4 (webtiles) character file.

Game seed: 14615545972734210543

6150 Groucho the Unseen (level 10, -2/49 HPs)
             Began as a Spriggan Enchanter on Feb 12, 2023.
             Was the Champion of Dithmenos.
             Slain by a demonic crawler (11 damage)
             ... in the Dungeon (Sprint I: "Red Sonja").
             The game lasted 00:11:59 (2186 turns).

Groucho the Unseen (Spriggan Enchanter)             Turns: 2186, Time: 00:11:59

Health: -2/49      AC:  4    Str:  8    XL:     10   Next: 59%
Magic:  19/31      EV: 23    Int: 18    God:    Dithmenos [******]
Gold:   546        SH:  0    Dex: 15    Spells: 34/42 levels left

rFire   + . .      SeeInvis +   s - +2 dagger (venom)
rCold   + . .      Faith    .   (no shield)
rNeg    + . .      Spirit   .   p - +2 robe {rN+}
rPois   .          Reflect  .   (helmet restricted)
rElec   .          Harm     .   o - scarf {rC+ rF+}
rCorr   .          Rampage  .   (gloves unavailable)
Will    +....      NoTele   +   (boots unavailable) Stlth ***+++++++
                                (no amulet)
HPRegen 0.16/turn               m - ring of flight
MPRegen 0.22/turn               q - +4 ring of evasion

@: flying, wreathed by umbra, very quick
A: very small, no large weapons, unfitting armour, see invisible, speed 3
a: Renounce Religion, Shadow Step, Shadow Form


You were in the Dungeon.
You worshipped Dithmenos.
Dithmenos was exalted by your worship.
You visited 1 branch You collected 1046 gold pieces.
You spent 500 gold pieces at shops.

Inventory:

Hand Weapons
 a - a +1 dagger
 s - a +2 dagger of venom (weapon)
Missiles
 t - 4 curare-tipped darts (quivered)
Armour
 o - a scarf of resistance (worn)
 p - a +2 robe of positive energy (worn)
Jewellery
 d - a ring of ice
 m - a ring of flight (left hand)
 q - a +4 ring of evasion (right hand)
 r - a ring of resist corrosion
Wands
 i - a wand of digging (3)
 j - a wand of mindburst (10)
 k - a wand of polymorph (8)
 n - a wand of iceblast (7)
Scrolls
 b - 2 scrolls of identify {unknown}
 l - 2 scrolls of amnesia {unknown}
 v - a scroll of fog {unknown}
 w - 3 scrolls of magic mapping {unknown}
 x - a scroll of fear {unknown}
Potions
 c - 2 potions of invisibility
 f - a potion of haste
 g - 2 potions of magic
 h - a potion of berserk rage
 u - a potion of curing


   Skills:
 + Level 3.5 Fighting
 - Level 10.0 Short Blades
 + Level 5.4 Dodging
 - Level 19.0 Stealth
 * Level 3.6 Shields
 + Level 16.9 Spellcasting
 - Level 14.0 Hexes
 * Level 6.4 Invocations


You had 34 spell levels left.
You knew the following spells:

 Your Spells              Type           Power      Damage    Failure   Level
a - Ensorcelled Hibernat  Hex/Ice        80%        N/A       1%          2
b - Confusing Touch       Hex            60%        N/A       1%          3
c - Dazzling Flash        Conj/Hex       80%        N/A       1%          3

Your spell library contained the following spells:

 Spells                   Type           Power      Damage    Failure   Level
 Tukima's Dance           Hex            60%        N/A       1%          3
 Flame Wave               Conj/Fire      15%        2d7       36%         4
 Sticky Flame             Conj/Fire      15%        2d4       36%         4
 Fireball                 Conj/Fire      7%         3d5       73%         5


Dungeon Overview and Level Annotations

Branches:
Dungeon (1/1)

Altars:
Cheibriados
Dithmenos
Elyvilon
Fedhas
Gozag
Hepliaklqana
Kikubaaqudgha
Makhleb
Nemelex Xobeh
Okawaru
Qazlal
Ru
Sif Muna
Trog
Uskayaw
Vehumet
Wu Jian
Xom
Yredelemnul
Zin
The Shining One
Jiyva
Lugonu

Shops:
D ([=[=:==?*((*([[=


Innate Abilities, Weirdness & Mutations

You are very small and have problems with some larger weapons.
You are too small for most types of armour.
You have supernaturally acute eyesight. (SInv)
You cover ground extremely quickly. (Speed+++)


Message History

You impale the demonic crawler!!
You kill the demonic crawler!
Dithmenos accepts your kill.
You hit the demonic crawler.
The demonic crawler is lightly wounded.
The demonic crawler closely misses you. The demonic crawler hits you!
The demonic crawler closely misses you.
You are too injured to fight recklessly!
You feel much better. The demonic crawler hits you.
The demonic crawler closely misses you. x2
The demonic crawler shrieks in warning!
The demonic crawler hits you.
The demonic crawler completely misses you.
The demonic crawler hits you!
You feel better.
The demonic crawler is no longer blind.
The demonic crawler misses you.
The demonic crawler completely misses you.
The demonic crawler closely misses you. x3
The demonic crawler completely misses you.
Unknown command.
Casting: Dazzling Flash (safe; 1% risk of failure)
Confirm with . or Enter, or press ? or * to list all spells.
Casting: Dazzling Flash (safe; 1% risk of failure)
Press: ? - help, Dir - look around, f - activate The demonic crawler is dazzled.
The demonic crawler barely misses you. The demonic crawler closely misses you.
The demonic crawler misses you. x3
The demonic crawler barely misses you.
The demonic crawler hits you but does no damage.
The demonic crawler misses you. The demonic crawler hits you!
* * * LOW HITPOINT WARNING * * *
Unknown command.
Unknown command.
Unknown command.
Unknown command.
Casting: Dazzling Flash (safe; 1% risk of failure)
Confirm with . or Enter, or press ? or * to list all spells.
Casting: Dazzling Flash (safe; 1% risk of failure)
Press: ? - help, Dir - look around, f - activate The demonic crawler is dazzled.
The demonic crawler hits you!
You die...

###################
..#.)'..#__#..'..)#
..'..#..'..'..#.†s##+#
#'#####'#__####)@s'..#
..#...#.####..#####..+
###..##.#§~~.)#.§# +##
__##'#_.'~§§..'§.#
...'..._#§§~.)#..#
__##_.#'##§#####'###
__###'#)#)§.(###.'.#
#####.####'###.###.#
...'...'.....'.∩##§#


You could see 2 demonic crawlers.

Vanquished Creatures
  2 centaur warriors (D)
  Sonja (D)
  A deep troll (D)
  An oklob plant (D)
  2 unseen horrors (D)
  2 kobold demonologists (D)
  2 demonic crawlers (D)
  A hornet (D)
  A slime creature (D)
  Sigmund (D)
  A yak (D)
  2 redbacks (D)
  2 floating eyes (D)
  An ogre (D)
  7 necrophages (D)
  8 jellies (D)
  Ijyb (D)
36 creatures vanquished.

Vanquished Creatures (others)
  2 ballistomycete spores (D)
2 creatures vanquished.

Grand Total: 38 creatures vanquished

Notes
Turn   | Place    | Note
-------+----------+-------------------------------------------
     0 | D        | Groucho the Spriggan Enchanter began the quest for the Orb.
     0 | D        | Reached XP level 1. HP: 9/9 MP: 5/5
     2 | D        | Noticed Ijyb
     7 | D        | Killed Ijyb
     8 | D        | Reached skill level 7 in Stealth
     8 | D        | Reached XP level 2. HP: 13/13 MP: 6/8
    11 | D        | Noticed an ogre
    21 | D        | Learned a level 2 spell: Ensorcelled Hibernation
    23 | D        | Killed an ogre
    24 | D        | Reached skill level 10 in Stealth
    24 | D        | Reached skill level 5 in Spellcasting
    24 | D        | Reached XP level 3. HP: 16/16 MP: 6/11
    24 | D        | Reached XP level 4. HP: 21/21 MP: 6/12
   259 | D        | Noticed Sigmund
   261 | D        | Killed Sigmund
   262 | D        | Reached skill level 12 in Stealth
   262 | D        | Reached XP level 5. HP: 24/24 MP: 12/15
   262 | D        | Reached XP level 6. HP: 28/28 MP: 13/17
   274 | D        | Found a shimmering blue altar of Sif Muna.
   275 | D        | Found an ornate altar of the Wu Jian Council.
   276 | D        | Found a radiant altar of Vehumet.
   281 | D        | Reached skill level 13 in Stealth
   301 | D        | Found Iruipuen's Armour Emporium.
   301 | D        | Found an ancient bone altar of Kikubaaqudgha.
   301 | D        | Found a hazy altar of Hepliaklqana.
   301 | D        | Found a stormy altar of Qazlal.
   301 | D        | Found a hide-covered altar of Uskayaw.
   301 | D        | Found a blossoming altar of Fedhas.
   301 | D        | Found a bloodstained altar of Trog.
   301 | D        | Found an iron altar of Okawaru.
   301 | D        | Found a basalt altar of Yredelemnul.
   301 | D        | Found a glowing golden altar of the Shining One.
   301 | D        | Found a snail-covered altar of Cheibriados.
   301 | D        | Found a sacrificial altar of Ru.
   301 | D        | Found a glowing silver altar of Zin.
   301 | D        | Found a shadowy altar of Dithmenos.
   301 | D        | Found a white marble altar of Elyvilon.
   301 | D        | Noticed a yak
   303 | D        | Found an opulent altar of Gozag.
   304 | D        | Killed a yak
   305 | D        | Reached skill level 14 in Stealth
   324 | D        | Found a sparkling altar of Nemelex Xobeh.
   360 | D        | Became a worshipper of Dithmenos the Shadowed
   372 | D        | Noticed a centaur warrior
   373 | D        | Noticed a centaur warrior
   376 | D        | Killed a centaur warrior
   377 | D        | Reached skill level 17 in Stealth
   377 | D        | Reached skill level 10 in Hexes
   377 | D        | Reached XP level 7. HP: 32/32 MP: 19/21
   377 | D        | Reached XP level 8. HP: 36/36 MP: 19/22
   378 | D        | Killed a centaur warrior
   379 | D        | Reached skill level 18 in Stealth
   379 | D        | Reached skill level 10 in Spellcasting
   388 | D        | Noticed a hornet
   391 | D        | Killed a hornet
   391 | D        | Reached * piety under Dithmenos
   392 | D        | Reached skill level 19 in Stealth
   401 | D        | Noticed an oklob plant
   403 | D        | Killed an oklob plant
   404 | D        | Reached skill level 10 in Short Blades
   404 | D        | Reached XP level 9. HP: 39/39 MP: 22/26
   423 | D        | Reached ** piety under Dithmenos
   842 | D        | Noticed an unseen horror
   843 | D        | Noticed an unseen horror
   851 | D        | Killed an unseen horror
   853 | D        | Killed an unseen horror
  1197 | D        | Reached *** piety under Dithmenos
  1225 | D        | Reached **** piety under Dithmenos
  1600 | D        | Learned a level 3 spell: Confusing Touch
  1606 | D        | Reached skill level 15 in Spellcasting
  1607 | D        | Noticed a deep troll
  1655 | D        | Reached ***** piety under Dithmenos
  1665 | D        | Found Toxesex's Antique Weapon Boutique.
  1666 | D        | Found Sodoilai's Antique Armour Emporium.
  1667 | D        | Found Hair's Jewellery Emporium.
  1680 | D        | Got the Meditations on Outbursts
  1686 | D        | Found Zeetyf's Antique Armour Shoppe.
  1686 | D        | Found Wodduam's Jewellery Shop.
  1686 | D        | Found Iloeloet's Jewellery Boutique.
  1688 | D        | Found Dulipt's Book Emporium.
  1688 | D        | Found Rofax's Jewellery Shop.
  1688 | D        | Found Hamuimer's Jewellery Shoppe.
  1688 | D        | Found Bacwarghaikh's Magic Scroll Boutique.
  1688 | D        | Found Caafryoh's Assorted Antiques.
  1688 | D        | Found Ocab's Antique Weapon Shop.
  1688 | D        | Found Goorchaf's Weapon Shoppe.
  1696 | D        | Found Ykeonipt's General Store.
  1716 | D        | Bought a ring of flight for 175 gold pieces
  1721 | D        | Bought a bronze wand for 68 gold pieces
  1727 | D        | Bought a glowing scarf for 176 gold pieces
  1727 | D        | Bought a glowing robe for 81 gold pieces
  1788 | D        | Killed a deep troll
  1789 | D        | Reached XP level 10. HP: 46/46 MP: 31/31
  1807 | D        | Found Hadus's Armour Emporium.
  1822 | D        | Noticed Sonja
  1825 | D        | Killed Sonja
  1826 | D        | Reached skill level 1 in Shields
  2110 | D        | Found Zetwant's Antique Weapon Boutique.
  2137 | D        | Found a viscous altar of Jiyva.
  2137 | D        | Found a corrupted altar of Lugonu.
  2138 | D        | Found a burning altar of Makhleb.
  2138 | D        | Found a shimmering altar of Xom.
  2141 | D        | Reached skill level 5 in Invocations
  2160 | D        | Reached ****** piety under Dithmenos
  2165 | D        | Learned a level 3 spell: Dazzling Flash
  2180 | D        | Reached skill level 5 in Dodging
  2186 | D        | Slain by a demonic crawler

Illustrated notes

Levels and vault maps discovered:
D:        dungeon_sprint_1 [red_sonja_temple_1, red_sonja_temple_small_1]

Skill      XL: |  1  2  3  4  5  6  7  8  9 10 |
---------------+-------------------------------+-----
Short Blades   | 2 4 6 8 10 | 10.0
Stealth        | 7 10 12 17 19 | 19.0
Spellcasting   | 4 5 7 9 12 16 | 16.9
Hexes          | 4 6 7 10 12 14 | 14.0
Fighting       | 2 3 |  3.5
Invocations    | 3 6 |  6.4
Dodging        | 5 |  5.4
Shields        | 3 |  3.6

Action                   |  1- 3 |  4- 6 |  7- 9 | 10-12 || total
-------------------------+-------+-------+-------+-------++-------
Melee: Dagger            |     5 |     4 |    31 |    17 ||    57
Throw: Dart              |       |       |       |     1 ||     1
 Cast: Ensorcelled Hiber |     1 |       |     9 |       ||    10
       Confusing Touch   |       |       |     3 |       ||     3
       Dazzling Flash    |       |       |       |     5 ||     5
  Use: Scroll            |       |     1 |       |       ||     1
       Potion            |       |       |     1 |     2 ||     3
 Stab: Sleeping          |     2 |     4 |    20 |     5 ||    31
       Confused          |       |       |     3 |       ||     3
       Invisible         |       |       |       |     4 ||     4
Armor: Robe              |       |       |       |     2 ||     2
Dodge: Dodged            |     1 |       |     5 |    43 ||    49
